 Dungeon Crawl Stone Soup version 0.16.2-12-gd0ad4c3 (webtiles) character file.

67 faibistes the Magician (level 4, 0/24 HPs)
             Began as a Deep Elf Wizard on July 4, 2018.
             Succumbed to an adder's poison
             ... on level 2 of the Dungeon.
             The game lasted 00:05:09 (2254 turns).

faibistes the Magician (Deep Elf Wizard)            Turns: 2254, Time: 00:05:09

Health: 0/24       AC:  2    Str:  4    XL:     4   Next: 0%
Magic:  0/17       EV: 13    Int: 24    God:
Gold:   142        SH:  0    Dex: 13    Spells: 6 memorised, 1 level left

rFire  . . .     SeeInvis .     p - +0 dagger
rCold  . . .     Clarity  .     a - +0 robe
rNeg   . . .     SustAb   .     (no shield)
rPois  .         Gourm    .     b - +0 hat
rElec  .         Spirit   .     (no cloak)
rCorr  .         Warding  .     (no gloves)
rMut   .         Stasis   .     (no boots)
MR     .....                    (no amulet)
Stlth  ++........               (no ring)
                                (no ring)

@: lethally poisoned (0 -> -7), very slightly contaminated, hasted, repel
missiles, very quick, not resistant to hostile enchantments, unstealthy
A: no striking features
a: no special abilities


You were on level 2 of the Dungeon.
You were not hungry.

You visited 1 branch of the dungeon, and saw 4 of its levels.

You collected 142 gold pieces.

Inventory:

Hand weapons
 e - a +0 club
 p - a +0 dagger (weapon)
Armour
 a - a +0 robe (worn)
 b - a +0 hat (worn)
Scrolls
 j - a scroll of blinking {unknown}
 l - a scroll of remove curse {unknown}
 n - a scroll of fog {unknown}
 q - a scroll of fear {unknown}
Potions
 h - a potion of might {unknown}
 k - a potion of agility
 m - a potion of restore abilities
Books
 c - a book of Minor Magic

   Spells                             Type                      Level
   a - Magic Dart                     Conjuration                  1
   b - Blink                          Translocation                2
   c - Call Imp                       Summoning                    2
   d - Repel Missiles                 Charms/Air                   2
   e - Slow                           Hexes                        2
   f - Conjure Flame                  Conjuration/Fire             3
   g - Mephitic Cloud                 Conjuration/Poison/Air       3
Comestibles
 d - 3 bread rations
 f - a beef jerky
 g - a meat ration
 i - a slice of pizza


   Skills:
 + Level 2.9 Dodging
 - Level 2.4 Stealth
 * Level 5.5 Spellcasting
 * Level 2.9 Conjurations
 - Level 1.1 Summonings
 - Level 1.1 Translocations


You had one spell level left.
You knew the following spells:

 Your Spells              Type           Power        Failure   Level  Hunger
a - Magic Dart            Conj           ###.         2%          1    None
b - Conjure Flame         Conj/Fire      ##......     17%         3    #......
c - Call Imp              Summ           ##......     12%         2    None
d - Blink                 Tloc           N/A          12%         2    None
e - Mephitic Cloud        Conj/Pois/Air  ##......     21%         3    #......
f - Repel Missiles        Chrm/Air       #.....       14%         2    None


Dungeon Overview and Level Annotations

Branches:
Dungeon (4/15)
 Temple: D:4-7

Altars:


Message History

Drink which item? (? for menu, Esc to quit)
You feel yourself speed up.
You feel sick. The adder bites you.
* * * LOW HITPOINT WARNING * * *
You are more poisoned.
The adder poisons you!
A goblin comes into view.
The goblin shouts!
* * * LOW HITPOINT WARNING * * *
You feel sick.
* * * LOW HITPOINT WARNING * * *
You feel sick.
Casting: Mephitic Cloud
Confirm with . or Enter, or press ? or * to list all spells.
You don't have enough magic to cast that spell.
Unknown command.
Casting: Mephitic Cloud
Confirm with . or Enter, or press ? or * to list all spells.
A beastly little devil appears in a puff of flame.
The adder bites your crimson imp.
You die...

........§.##
##...h..>..#
.##...§..#
#.#######.#
#################.##
#.# # ..........#
####..###.###
#########.#
#.......g....
....#####.#
#.#S.........
..........#
#.#5###.####
###.#####.# ##.#.#
#.# #...# #.# #...@#
# # #.###
#.###....## #.#
#.#.......# #.##
#.#.......#
...######.#.......#
..........###....##
...######.# #....#
#.## #.####.#.# #.#
#........#


You could see an adder and a friendly crimson imp.

Vanquished Creatures
  Terence (D:2)
  An adder (D:2)
  A worm (D:2)
  A giant gecko (D:1)
  4 bats
  2 giant cockroaches
  4 hobgoblins (D:1)
  3 jackals
  8 kobolds
  A quokka (D:2)
  A giant newt (D:2)
  5 goblins
  6 rats
38 creatures vanquished.

Vanquished Creatures (collateral kills)
  A hobgoblin (D:1)
1 creature vanquished.

Grand Total: 39 creatures vanquished

Notes
Turn   | Place    | Note
--------------------------------------------------------------
     0 | D:1      | faibistes, the Deep Elf Wizard, began the quest for the Orb.
     0 | D:1      | Reached XP level 1. HP: 10/10 MP: 6/6
   257 | D:1      | Reached XP level 2. HP: 15/15 MP: 8/10
   261 | D:1      | Learned a level 2 spell: Blink
   264 | D:1      | Learned a level 2 spell: Call Imp
   327 | D:1      | Reached skill level 5 in Spellcasting
  1387 | D:2      | Noticed Terence
  1599 | D:2      | Reached XP level 3. HP: 19/19 MP: 12/14
  1604 | D:2      | Learned a level 3 spell: Conjure Flame
  1608 | D:2      | Learned a level 3 spell: Mephitic Cloud
  1756 | D:2      | Killed Terence
  2185 | D:2      | Reached XP level 4. HP: 24/24 MP: 14/17
  2189 | D:2      | Learned a level 2 spell: Repel Missiles
  2249 | D:2      | HP: 1/24 [poisoned by an adder]
  2254 | D:2      | Succumbed to an adder's poison

Action                   |  1- 3 |  4- 6 || total
-------------------------+-------+-------++-------
Melee: Unarmed           |     1 |       ||     1
       Dagger            |       |     2 ||     2
 Cast: Magic Dart        |    92 |     4 ||    96
       Call Imp          |     2 |     1 ||     3
       Conjure Flame     |     5 |       ||     5
       Mephitic Cloud    |     2 |     2 ||     4
       Blink             |       |     3 ||     3
       Repel Missiles    |       |     1 ||     1
  Use: Scroll            |     3 |       ||     3
       Potion            |       |     1 ||     1
  Eat: Chunk             |     4 |       ||     4
